 Dungeon Crawl Stone Soup version 0.31-a0-1204-ge2c1a860ed (webtiles) character file.

Game seed: 8794441320556016239

73633 hikkokomori the Fighter (level 15, -8/97 HPs)
             Began as a Gargoyle Earth Elementalist on Dec 12, 2023.
             Was an Initiate of Gozag.
             Mangled by a death yak simulacrum (45 damage)
             ... on level 5 of the Lair of Beasts on Dec 13, 2023.
             The game lasted 00:57:00 (22683 turns).

hikkokomori the Fighter (GrEE)                     Turns: 22683, Time: 00:57:00

Health: -8/97      AC: 19    Str: 16    XL:     15   Next: 44%
Magic:  23/27      EV: 18    Int: 20    God:    Gozag
Gold:   3803       SH: 19    Dex: 22    Spells: 10/31 levels left

rFire   + . .        J - +6 morningstar of Dissolution {drain, ^Contam Str+3 Dex+5}
rCold   x . .        K - +0 kite shield
rNeg    + . .        B - +1 robe "Palau" {rPois rCorr Stlth- Archmagi}
rPois   ∞            T - +1 helmet "Washruu" {rC- Regen+ Dex+5 SInv}
rElec   +            A - +1 cloak {rPois}
rCorr   +            o - +0 pair of gloves
SInv    +            (no boots)
Will    +....        z - amulet of reflection
Stlth   ++++         g - +5 ring of evasion
HPRegen 1.16/turn    Z - ring of protection from fire
MPRegen 0.20/turn

%: reflection, archmagi
@: flying, studying Fighting
A: sickness immunity, AC +11, big wings, negative energy resistance 1,
electricity resistance, torment resistance 1, petrification resistance
a: Renounce Religion, Potion Petition, Call Merchant, Bribe Branch


You were on level 5 of the Lair of Beasts.
You worshipped Gozag.
Gozag was most pleased with you.
You visited 3 branches of the dungeon, and saw 19 of its levels.
You also visited: Sewer and Volcano.

You collected 5354 gold pieces.
You spent 420 gold pieces at shops.
You paid 1131 gold pieces to Gozag.

Inventory:

Hand Weapons
 k - a +0 scimitar of flaming
 J - the +6 morningstar of Dissolution (weapon) {drain, ^Contam Str+3 Dex+5}
   (You bought it in a shop on level 12 of the Dungeon)

   Str+3:     It affects your strength (+3).
   Dex+5:     It affects your dexterity (+5).
   ^Contam:   It causes magical contamination when unequipped.
 M - the +4 falchion "Grim Tooth" {heavy, *Slow rN+ Int+2}
   (You found it on level 6 of the Dungeon)

   Int+2:     It affects your intelligence (+2).
   rN+:       It protects you from negative energy.
   *Slow:     It may slow you when you take damage.
Missiles
 s - 7 curare-tipped darts
Armour
 o - a +0 pair of gloves (worn)
 u - a +2 robe of willpower
 v - the +0 ring mail of Idwev {Str+3}
   (You found it on level 3 of the Dungeon)

   Str+3:     It affects your strength (+3).
 A - a +1 cloak of poison resistance (worn)
 B - the +1 robe "Palau" (worn) {rPois rCorr Stlth- Archmagi}
   (You found it on level 4 of the Dungeon)

   rPois:     It protects you from poison rCorr: It protects you from acid and
   corrosion.
   Stlth-:    It makes you less stealthy.
   Archmagi:  It increases the power of your magical spells.
 K - a +0 kite shield (worn)
 Q - a +0 helmet
 T - the +1 helmet "Washruu" (worn) {rC- Regen+ Dex+5 SInv}
   (You found it in a volcano)

   Dex+5:     It affects your dexterity (+5).
   rC-:       It makes you vulnerable to cold.
   SInv:      It lets you see invisible.
   Regen+:    It increases your rate of health regeneration.
 Y - a +0 leather armour of fire resistance
Jewellery
 a - a ring of resist corrosion
 g - a +5 ring of evasion (left hand)
 h - a ring of see invisible
 j - a +6 ring of dexterity
 r - a +6 ring of intelligence
 t - a +6 ring of dexterity
 x - an amulet of the acrobat
 z - an amulet of reflection (around neck)
 Z - a ring of protection from fire (right hand)
Wands
 y - a wand of polymorph (3)
 C - a wand of flame (31)
 U - a wand of roots (14)
 V - a wand of digging (1)
 W - a wand of paralysis (8)
Scrolls
 l - 3 scrolls of enchant armour
 n - 6 scrolls of fear
 q - 2 scrolls of blinking
 w - 4 scrolls of teleportation
 D - 4 scrolls of enchant weapon
 G - 2 scrolls of amnesia
 H - 2 scrolls of identify
 N - 5 scrolls of noise
 P - 2 scrolls of immolation
 R - a scroll of revelation
 S - 5 scrolls of fog
Potions
 b - a potion of magic
 c - a potion of invisibility
 d - 4 potions of cancellation
 e - 7 potions of curing
 f - 4 potions of heal wounds
 i - 5 potions of degeneration
 m - 2 potions of mutation
 p - 3 potions of haste
 E - a potion of enlightenment
 F - 3 potions of brilliance
 I - a potion of berserk rage
 L - 2 potions of lignification
 O - a potion of might
 X - 2 potions of attraction


   Skills:
 - Level 12.9 Fighting
 + Level 8.2 Maces & Flails
 + Level 3.6 Dodging
 - Level 9.1 Stealth
 + Level 11.7 Shields
 - Level 8.5 Spellcasting
 - Level 11.2 Conjurations
 - Level 5.2 Summonings
 + Level 3.6 Necromancy
 - Level 0.7 Transmutations
 - Level 3.1 Air Magic
 - Level 11.1 Earth Magic
 - Level 7.3 Evocations


You had 10 spell levels left.
You knew the following spells:

 Your Spells              Type           Power      Damage    Failure   Level
a - Sandblast             Erth           100%       2d20      1%          1
b - Stone Arrow           Conj/Erth      100%       3d13      1%          3
c - Brom's Barrelling Bo  Conj/Erth      69%        2d8       1%          4
d - Airstrike             Air            15%        2d(3-19)  41%         4
e - Animate Armour        Summ/Erth      100%       N/A       5%          4
f - Borgnjor's Vile Clut  Necr/Erth      27%        N/A       22%         5

Your spell library contained the following spells:

 Spells                   Type           Power      Damage    Failure   Level
 Kiss of Death            Conj/Necr      100%       2d13      1%          1
 Passwall                 Tmut/Erth      40%        N/A       1%          2
 Static Discharge         Conj/Air       100%       3-8/arc   1%          2
 Necrotise                Necr           100%       1d9       3%          1
 Dazzling Flash           Conj/Hex       92%        N/A       4%          3
 Vampiric Draining        Necr           34%        2d8       11%         3
 Petrify                  Tmut/Erth      48%        N/A       14%         4
 Apportation              Tloc           24%        N/A       16%         1
 Ensorcelled Hibernation  Hex/Ice        24%        N/A       24%         2
 Jinxbite                 Hex            24%        N/A       24%         2
 Summon Lightning Spire   Summ/Air       37%        N/A       28%         4
 Dispel Undead            Necr           34%        3d15      34%         4
 Confusing Touch          Hex            12%        N/A       43%         3
 Anguish                  Hex/Necr       11%        N/A       58%         4
 Agony                    Necr           34%        N/A       69%         5
 Silence                  Hex/Air        11%        N/A       93%         5
 Alistair's Intoxication  Tmut/Pois      9%         N/A       98%         5
 Death Channel            Necr           17%        N/A       99%         6
 Lehudib's Crystal Spear  Conj/Erth      34%        10d9      100%        8
 Animate Dead             Necr           Unusable   N/A       N/A         4

Dungeon Overview and Level Annotations

Branches:
Dungeon (13/15)            Temple (1/1) D:4            Lair (5/5) D:11
  Swamp (0/4) Lair:2        Snake (0/4) Lair:2        Slime (0/5) Lair:5
    Orc (0/2) D:11         Vaults (0/5) D:13          Sewer (visited)
Volcano (visited)

Altars:
Ashenzari
Cheibriados
Dithmenos
Elyvilon
Fedhas
Gozag
Hepliaklqana
Kikubaaqudgha
Makhleb
Nemelex Xobeh
Okawaru
Qazlal
Ru
Sif Muna
Trog
Uskayaw
Vehumet
Wu Jian
Xom
Yredelemnul
Zin
The Shining One

Shops:
D:4 (   D:5 =   D:10 !   D:12 *=

Portals:
Trove: D:12 (give +3 shadow dragon scales)

Annotations:
Lair:1 exclusion: oklob plant


Innate Abilities, Weirdness & Mutations

You are immune to sickness and miasma.
Your stone body is resilient. (AC +11)
You are immune to poison.
Your large and strong wings let you fly.
You resist negative energy. (rN+)
You are resistant to electric shocks. (rElec)
You are resistant to unholy torment.
You are immune to petrification.


Message History

Aiming: Stone Arrow (safe; 1% risk of failure)
Press: ? - help, Shift-Dir - straight line, f - death yak simulacrum
Aim: a death yak simulacrum (100% to hit)
You feel a surge of power!
The stone arrow hits the death yak simulacrum!
The death yak simulacrum is moderately damaged.
Aiming: Throw Flame
Press: ? - help, Shift-Dir - straight line, f/p - death yak simulacrum
Aim: a death yak simulacrum (moderately damaged, 100% to hit)
The puff of flame hits the death yak simulacrum.
The death yak simulacrum melts!
The death yak simulacrum is heavily damaged.
Aiming: Throw Flame
Press: ? - help, Shift-Dir - straight line, f/p - death yak simulacrum
Aim: a death yak simulacrum (heavily damaged, 100% to hit)
The puff of flame hits the death yak simulacrum.
The death yak simulacrum melts!
The death yak simulacrum is heavily damaged.
Aiming: Throw Flame
Press: ? - help, Shift-Dir - straight line, f/p - death yak simulacrum
Aim: a death yak simulacrum (heavily damaged, 100% to hit)
The puff of flame hits the death yak simulacrum.
The death yak simulacrum melts!
The death yak simulacrum is severely damaged.
The death yak simulacrum misses you.
You feel a surge of power!
The blast of sand hits the death yak simulacrum but does no damage.
The death yak simulacrum is severely damaged.
The death yak simulacrum barely misses you.
Unknown command.
You feel a surge of power!
The blast of sand hits the death yak simulacrum but does no damage.
The death yak simulacrum is severely damaged.
The death yak simulacrum gores you. The death yak simulacrum freezes you!!!
You feel a terrible chill!
Ouch! That really hurt!
The death yak simulacrum misses you. The death yak simulacrum gores you.
The death yak simulacrum freezes you!!!
You feel a terrible chill!
You die...
Your body crumbles into a pile of gold.

##....................##..[..#...
#................................
.................................
.................................
.................................
.................................
.................................
...............Z.................
....♣.........ZZ@................
♣########'''########♣P.....P♣####
# Z...... ##P...♣## ###8.⌠.
##♣♣♣# ##8.8 #### 8.PY #?p.Y


You could see a spectral death yak and 2 death yak simulacra.

Vanquished Creatures
  Jorgrun (D:13)
  Rupert (Lair:4)
  Nessos (Lair:4)
  Josephine (Lair:5)
  A crystal guardian (D:13)
  A deep elf high priest (D:13)
  5 hydras
  Fannar (D:11)
  Harold (D:9)
  Erica (D:10)
  2 boulder beetles
  A centaur warrior (D:12)
  3 two-headed ogres
  The ghost of lunkers the Martial Artist, a novice MeSh of Makhleb (Lair:1)
  2 tengu warriors
  9 death yaks (Lair:5)
  A hell knight (Volcano)
  Sonja (D:12)
  A flayed ghost (D:13)
  A goliath frog (Lair:2)
  A skeletal warrior (D:8)
  2 skysharks
  An orange crystal statue (D:8)
  3 deep elf pyromancers
  A lindwurm (Lair:5)
  A wolf spider (D:13)
  5 ugly things
  An oklob plant (Lair:5)
  4 cyclopes
  8 elephants
  A salamander (Lair:2)
  2 manticores
  8 black mambas
  A torpor snail (Lair:5)
  2 molten gargoyles (Volcano)
  A smoke demon (Volcano)
  9 cane toads
  Jeremiah (D:6)
  4 komodo dragons
  5 rime drakes
  A kobold demonologist (D:13)
  2 red devils (Volcano)
  4 polar bears
  A wolf spider simulacrum (D:13)
  2 hornets
  A meliai (D:13)
  2 trolls (D:9)
  7 dream sheep
  25 blink frogs
  4 spriggans (Lair:1)
  3 vampires
  3 slime creatures (D:12)
  A shadow (D:13)
  10 wraiths
  49 yaks
  A water elemental (D:12)
  2 fire bats (Volcano)
  2 wyverns (Lair:3)
  2 basilisks (Lair:2)
  2 steam dragons
  12 vampire mosquitoes
  14 water moccasins
  3 acid dragons
  2 orc warriors
  A swamp drake (D:6)
  A black bear (shapeshifter) (D:13)
  4 ice beasts
  4 black bears
  14 wolves
  2 ogres (D:6)
  A tengu (shapeshifter) (D:13)
  A phantom (D:5)
  4 centaurs
  12 bullfrogs
  3 kobold brigands
  2 brain worms (Sewer)
  A wyvern zombie (D:5)
  2 gnoll sergeants (D:7)
  2 two-headed ogre simulacra (D:13)
  5 scorpions
  6 killer bees (D:8)
  5 howler monkeys
  A nameless horror (Lair:5)
  5 electric eels (D:12)
  7 lava snakes
  A bullfrog zombie (D:5)
  4 hounds
  12 orc priests
  3 jellies
  Crazy Yiuf (D:3)
  3 iguanas
  2 scorpion zombies (D:5)
  A sleepcap (D:6)
  14 orc wizards
  2 troll simulacra (D:13)
  3 spriggan simulacra (D:13)
  11 gnolls
  A howler monkey zombie (D:5)
  11 adders
  A naga simulacrum (D:13)
  2 white imps
  2 ufetubi (D:13)
  A worm (D:2)
  2 dart slugs
  63 orcs
  16 ball pythons
  10 bats
  An endoplasm (D:2)
  3 giant cockroaches
  4 goblins
  4 hobgoblins
  14 jackals
  19 kobolds
  6 quokkas
  8 frilled lizards
  4 rats
564 creatures vanquished.

Vanquished Creatures (collateral kills)
  A shadow (D:13)
  4 boulders (D:13)
5 creatures vanquished.

Vanquished Creatures (others)
  An orc wizard (D:11)
  A boulder (D:13)
2 creatures vanquished.

Grand Total: 571 creatures vanquished

Notes
Turn   | Place    | Note
-------+----------+-------------------------------------------
     0 | D:1      | hikkokomori the Gargoyle Earth Elementalist began the quest
                  | for the Orb.
     0 | D:1      | Reached XP level 1. HP: 10/10 MP: 3/3
   240 | D:1      | Reached XP level 2. HP: 15/16 MP: 0/5
   561 | D:1      | Reached skill level 1 in Fighting
   779 | D:2      | Reached XP level 3. HP: 20/20 MP: 4/6
  1053 | D:2      | Found a faded altar of an unknown god.
  1479 | D:3      | Found a sparkling altar of Nemelex Xobeh.
  1481 | D:3      | Found a glowing drain.
  1565 | D:3      | Reached XP level 4. HP: 23/26 MP: 7/7
  1571 | Sewer    | Entered a sewer
  1608 | Sewer    | Reached skill level 2 in Fighting
  1754 | Sewer    | Reached XP level 5. HP: 30/30 MP: 7/9
  1875 | Sewer    | Reached skill level 3 in Fighting
  1875 | Sewer    | Reached skill level 5 in Earth Magic
  1875 | Sewer    | Reached XP level 6. HP: 37/37 MP: 6/10
  2118 | D:3      | Found an ancient bone altar of Kikubaaqudgha.
  2275 | D:3      | Identified the +0 ring mail of Idwev {Str+3}
  2400 | D:3      | Found a white marble altar of Elyvilon.
  2801 | D:3      | Found a runed translucent door.
  2802 | D:3      | Noticed Crazy Yiuf
  2854 | D:3      | Killed Crazy Yiuf
  3031 | D:4      | Identified the +1 robe "Palau" {rPois rCorr Stlth-
                  | Archmagi}
  3035 | D:4      | Found a staircase to the Ecumenical Temple.
  3045 | D:4      | Learned a level 3 spell: Stone Arrow
  3097 | Temple   | Entered the Ecumenical Temple
  3114 | Temple   | Became a worshipper of Gozag Ym Sagoz the Greedy
  3150 | D:4      | Reached XP level 7. HP: 41/41 MP: 4/12
  3262 | D:4      | Found Ysuaca Jutz's Weapon Boutique.
  3585 | D:4      | Reached skill level 1 in Conjurations
  3718 | D:5      | Entered Level 5 of the Dungeon
  3735 | D:5      | Reached skill level 5 in Stealth
  3764 | D:5      | Reached skill level 4 in Fighting
  3836 | D:5      | Found Puick's Jewellery Boutique.
  3855 | D:5      | Found a stormy altar of Qazlal.
  3958 | D:5      | Reached XP level 8. HP: 41/48 MP: 10/14
  4192 | D:5      | Found a basalt altar of Yredelemnul.
  4345 | D:5      | Found a shimmering altar of Xom.
  4546 | D:5      | Reached skill level 5 in Fighting
  4837 | D:6      | Reached skill level 5 in Spellcasting
  4901 | D:6      | Reached XP level 9. HP: 44/54 MP: 13/16
  4903 | D:6      | Reached skill level 1 in Shields
  5039 | D:6      | Identified the +4 falchion "Grim Tooth" {heavy, *Slow rN+
                  | Int+2}
  5137 | D:6      | Found a sacrificial altar of Ru.
  5181 | D:6      | Noticed Jeremiah
  5205 | D:6      | Killed Jeremiah
  5206 | D:6      | Reached skill level 6 in Fighting
  5593 | D:7      | Reached skill level 5 in Conjurations
  5793 | D:7      | Identified the +1 robe "Feopubiv" {Harm rF+ MP+9}
  5872 | D:7      | Reached XP level 10. HP: 61/61 MP: 16/18
  6403 | D:7      | Reached skill level 7 in Fighting
  7239 | D:8      | Noticed a skeletal warrior
  7239 | D:8      | Found the +5 scythe "Finisher" {speed, execute}
  7250 | D:8      | Killed a skeletal warrior
  7545 | D:8      | Paralysed by an orc for 5 turns
  7849 | D:8      | Reached skill level 5 in Shields
  7956 | D:8      | Noticed an orange crystal statue
  8472 | D:9      | Noticed a two-headed ogre
  8483 | D:9      | Killed a two-headed ogre
  8484 | D:9      | Reached XP level 11. HP: 68/68 MP: 17/21
  8591 | D:9      | Noticed Harold
  8596 | D:9      | Killed Harold
  8597 | D:9      | Reached skill level 8 in Fighting
  8977 | D:10     | Entered Level 10 of the Dungeon
  9018 | D:10     | Found Poblutio's Distillery.
  9306 | D:10     | Noticed Erica
  9315 | D:10     | Killed Erica
  9483 | D:10     | Reached skill level 1 in Evocations
  9962 | D:11     | You fall into a shaft and drop 1 floor!
 10125 | D:12     | Reached skill level 10 in Earth Magic
 10363 | D:12     | Noticed a tengu warrior
 10367 | D:12     | Noticed a centaur warrior
 10375 | D:12     | Killed a tengu warrior
 10506 | D:12     | Killed a centaur warrior
 10531 | D:12     | Noticed a cyclops
 10534 | D:12     | Noticed a deep elf pyromancer
 10537 | D:12     | Killed a deep elf pyromancer
 10538 | D:12     | Reached skill level 9 in Fighting
 10538 | D:12     | Reached XP level 12. HP: 52/76 MP: 13/23
 10538 | D:12     | Noticed Sonja
 10540 | D:12     | Killed Sonja
 10801 | D:12     | Found a portal to a secret trove of treasure.
 11584 | D:12     | Bought a scroll of teleportation for 105 gold pieces
 11584 | D:12     | Bought a jewelled morningstar for 315 gold pieces
 11584 | D:12     | Identified the +6 morningstar of Dissolution {drain,
                  | ^Contam Str+3 Dex+5} (You bought it in a shop on level 12
                  | of the Dungeon)
 11602 | D:12     | Learned a level 4 spell: Brom's Barrelling Boulder
 11607 | D:12     | Learned a level 4 spell: Airstrike
 11706 | D:13     | Reached skill level 1 in Maces & Flails
 11868 | D:13     | Reached skill level 1 in Air Magic
 11931 | D:13     | Noticed a tengu warrior
 11938 | D:13     | Killed a tengu warrior
 12224 | D:13     | Noticed a boulder beetle
 12233 | D:13     | Killed a boulder beetle
 12361 | D:13     | Noticed a crystal guardian
 12367 | D:13     | Killed a crystal guardian
 12407 | D:13     | Got Lehudib's Precepts of Cleavage
 12413 | D:13     | Learned a level 4 spell: Animate Armour
 12556 | D:13     | Identified the +4 scimitar "Razy" {drain, rPois}
 12659 | D:13     | Noticed a deep elf high priest
 12662 | D:13     | Noticed Jorgrun
 12664 | D:13     | Killed a deep elf high priest
 12665 | D:13     | Reached skill level 1 in Summonings
 12696 | D:13     | Killed Jorgrun
 12697 | D:13     | Reached XP level 13. HP: 24/80 MP: 18/25
 13137 | D:13     | Reached skill level 5 in Evocations
 13436 | D:13     | Noticed a vault guard
 13436 | D:13     | Noticed a vault guard
 13436 | D:13     | Noticed a vault guard
 13437 | D:13     | Found a gate to the Vaults.
 13437 | D:13     | Noticed a vault guard
 13437 | D:13     | Noticed a vault guard
 13438 | D:13     | Noticed a vault guard
 13438 | D:13     | Noticed a vault guard
 13438 | D:13     | Noticed a vault guard
 14448 | D:11     | Noticed Fannar
 14614 | D:11     | Killed Fannar
 14875 | D:11     | Found a staircase to the Lair.
 15031 | D:11     | Found a staircase to the Orcish Mines.
 15231 | D:11     | Reached skill level 10 in Conjurations
 15418 | D:11     | Reached skill level 10 in Fighting
 15845 | Lair:1   | Entered Level 1 of the Lair of Beasts
 16171 | Lair:1   | Found a runed translucent door.
 16175 | Lair:1   | Noticed lunkers's ghost (novice MeSh)
 16179 | Lair:1   | Identified the +6 spear "Qoetzuh" {elec, rPois}
 16244 | Lair:1   | Reached skill level 5 in Maces & Flails
 16925 | Lair:1   | Killed lunkers's ghost
 17096 | Lair:2   | Reached skill level 11 in Fighting
 17338 | Lair:2   | Gained mutation: Your large and strong wings let you fly.
                  | [Gargoyle growth]
 17338 | Lair:2   | Reached XP level 14. HP: 90/90 MP: 26/26
 17613 | Lair:2   | You are sucked into a shaft and drop 1 floor!
 17784 | Lair:2   | Reached skill level 10 in Shields
 18274 | Lair:2   | Found a staircase to the Swamp.
 18457 | Lair:2   | Found a staircase to the Snake Pit.
 19205 | Lair:3   | Reached skill level 12 in Fighting
 19234 | Lair:3   | Reached skill level 5 in Summonings
 19917 | Lair:4   | Learned a level 5 spell: Borgnjor's Vile Clutch
 20030 | Lair:4   | Noticed Rupert
 20037 | Lair:4   | Paralysed by Rupert for 2 turns
 20046 | Lair:4   | Killed Rupert
 20451 | Lair:4   | Noticed Nessos
 20457 | Lair:4   | Killed Nessos
 20701 | Lair:5   | Entered Level 5 of the Lair of Beasts
 20706 | Lair:5   | Reached skill level 1 in Necromancy
 20865 | Lair:5   | Found a dark tunnel.
 20939 | Volcano  | Entered a volcano
 21154 | Volcano  | Found a radiant altar of Vehumet.
 21445 | Volcano  | Identified the +1 helmet "Washruu" {rC- Regen+ Dex+5 SInv}
 21704 | Lair:5   | Noticed Josephine
 21718 | Lair:5   | Killed Josephine
 21719 | Lair:5   | Reached XP level 15. HP: 89/95 MP: 5/27
 22165 | Lair:5   | Found a staircase to the Slime Pits.
 22683 | Lair:5   | Mangled by a death yak simulacrum

Illustrated notes

Levels and vault maps discovered:
D:1:      shiori_arrival_oz, layout_rooms, serial_forest,
          infiniplex_forest_clump_curved, infiniplex_forest_straight_2,
          infiniplex_forest_lined_3, infiniplex_forest_straight_1,
          infiniplex_forest_straight_5
D:2:      layout_rooms, hellmonk_ecumenical_altar_heavens_door,
          reono_crystal_passage, bh_walls_and_bars
D:3:      layout_basic, mainiacjoe_overflow_24_doors, lemuel_tele_altar,
          nicolae_kikubaaqudgha_miasma_corner, gup_sewer_entry_glass,
          serial_rivers, chequers_serial_rivers_marsh,
          chequers_serial_rivers_room_a, chequers_serial_rivers_small_b,
          chequers_serial_rivers_small_a, uniq_crazy_yiuf_cottage
D:4:      layout_cave_pools, minmay_temple_entry_proselytizer, serial_shops,
          nicolae_shop_waterfront
D:5:      layout_rooms, nicolae_yredelemnul_corpse_copse,
          mainiacjoe_overflow_concentric_impassable,
          mainiacjoe_overflow_alcove_2, serial_shops, nicolae_shop_gaudy_bauble,
          dreamdust_princess_corridor
D:6:      layout_rooms, overflow_temple_1_default, nrook_loot_triangle,
          uniq_jeremiah
D:7:      layout_loops_corners, dk_noncrumbling_2
D:8:      minmay_statue_hallways, layout_gridville,
          minmay_guarded_unrand_finisher
D:9:      layout_rooms, uniq_harold
D:10:     layout_roguey, serial_shops, shop_fountains, uniq_erica
D:11:     hellmonk_destroyed_diamonds, layout_basic, lair_entry_dummy,
          hiddenorc2_lemuel, uniq_fannar
D:12:     layout_rooms, nicolae_trove_entry_crossroad, serial_bayou,
          serial_bayou_shore_b, serial_bayou_shore_b, serial_bayou_pond_b,
          serial_bayou_lake_a, uniq_sonja
D:13:     minmay_box_of_curves, layout_long_grid, erik_vaults_2, serial_ice,
          serial_ice_k, serial_ice_n, serial_ice_d, serial_ice_h, serial_ice_a,
          serial_ice_m, portal_ice_cave_entry_ice_simulacra, uniq_kirke,
          uniq_jorgrun
Temple:   minmay_freezing_vapour_temple
Lair:1:   layout_misc_corridors, ebering_ghost_funeral_grove, grunt_megastairs_4
Lair:2:   layout_regular_city, mainiacjoe_swamp_entry_lozenge_pond,
          nicolae_snake_entry_warm_welcome, beast_lair_carwin_4
Lair:3:   layout_loops_ring, st_stairs_5
Lair:4:   layout_concentric_octagons, grunt_forest_small_clearing_treed,
          uniq_nessos, uniq_rupert
Lair:5:   due_jungle_book, layout_regular_city, dpeg_slime_entry_enclosed,
          nicolae_volcano_entry_two_sided, grunt_megastairs_3, uniq_josephine

Skill      XL: |  1  2  3  4  5  6  7  8  9 10 11 12 13 14 15 |
---------------+----------------------------------------------+-----
Fighting       | 1 2 3 4 5 6 7 9 11 12 | 12.9
Earth Magic    | 4 5 6 7 8 9 10 11 | 11.1
Stealth        | 3 4 5 6 7 9 |  9.1
Spellcasting   | 3 4 5 6 7 8 |  8.5
Conjurations   | 2 4 5 6 8 9 10 11 | 11.2
Shields        | 3 5 7 8 9 11 | 11.7
Evocations     | 2 4 6 7 |  7.3
Maces & Flails | 3 5 7 8 |  8.2
Air Magic      | 2 3 |  3.1
Summonings     | 1 4 5 |  5.2
Necromancy     | 1 3 |  3.6
Dodging        | 3 |  3.6
Transmutations | |  0.7

Action                     |  1- 3 |  4- 6 |  7- 9 | 10-12 | 13-15 || total
---------------------------+-------+-------+-------+-------+-------++-------
  Melee: Unarmed           |     7 |       |       |       |       ||     7
         Punch             |     1 |       |       |       |       ||     1
         Hand axe          |     5 |     4 |    18 |    11 |       ||    38
         Dagger            |     5 |       |       |       |       ||     5
         Trident           |       |       |       |    36 |       ||    36
         Morningstar       |       |       |       |     8 |   505 ||   513
   Cast: Sandblast         |    60 |    72 |   147 |   237 |   451 ||   967
         Stone Arrow       |       |       |     6 |    89 |   112 ||   207
         Brom's Barrelling |       |       |       |       |     5 ||     5
         Animate Armour    |       |       |       |       |     3 ||     3
 Invoke: Call Merchant     |       |       |       |     2 |       ||     2
  Evoke: Wand              |       |       |     2 |    11 |    23 ||    36
    Use: Scroll            |     8 |       |       |    21 |     4 ||    33
         Potion            |       |     1 |     1 |     3 |     2 ||     7
   Stab: Distracted        |       |       |     1 |       |     4 ||     5
         Fleeing           |       |       |       |     1 |       ||     1
         Invisible         |       |       |       |     1 |       ||     1
         Paralysed         |       |       |       |       |     4 ||     4
 Armour: Robe              |    29 |    20 |    45 |   144 |   488 ||   726
  Dodge: Dodged            |    52 |    38 |    64 |   172 |   590 ||   916
  Block: Kite shield       |       |       |    17 |   179 |  1099 ||  1295
         Reflection        |       |       |       |    11 |    18 ||    29

Table legend: (Time is in decaauts)
 A = Elapsed time spent in this place.
 B = Non-inter-level travel time spent in this place.
 C = Inter-level travel time spent in this place.
 D = Time resting spent in this place.
 E = Time spent auto-exploring this place.
 F = Levels seen in this place.
 G = Mean time per level.
                   A        B        C        D        E       F      G
               +--------+--------+--------+--------+--------+-----+--------+
         Total |  23563 |  23017 |    546 |   1573 |  16049 |  21 | 1122.0 |
       Dungeon |  15815 |  15342 |    473 |   1427 |  10652 |  13 | 1216.5 |
        Temple |     22 |     22 |      0 |      0 |      0 |   1 |   22.0 |
          Lair |   6386 |   6313 |     73 |    106 |   4561 |   5 | 1277.2 |
         Sewer |    582 |    582 |      0 |      0 |    435 |   1 |  582.0 |
       Volcano |    756 |    756 |      0 |     40 |    401 |   1 |  756.0 |
               +--------+--------+--------+--------+--------+-----+--------+

Top non-repeatable levels by time:
     D:8: 2230 daAuts
    D:13: 1888 daAuts
    D:12: 1806 daAuts
  Lair:2: 1622 daAuts
    D:11: 1567 daAuts
  Lair:5: 1351 daAuts
     D:7: 1331 daAuts
  Lair:1: 1279 daAuts
    D:10: 1198 daAuts
     D:3: 1159 daAuts
  Lair:3: 1137 daAuts
     D:5: 1120 daAuts
  Lair:4: 996 daAuts
     D:1: 789 daAuts
     D:6: 766 daAuts
